 Dungeon Crawl Stone Soup version 0.21-a0-201-g8501b10 (webtiles) character file.

1076 Ijustatesigmund the Cudgeler (level 8, -5/51 HPs)
             Began as an Octopode Fighter on Aug 17, 2017.
             Was a Follower of Okawaru.
             Killed from afar by an orc wizard (12 damage)
             ... with a puff of flame
             ... on level 5 of the Dungeon.
             The game lasted 00:08:34 (3760 turns).

Ijustatesigmund the Cudgeler (Octopode Fighter)     Turns: 3760, Time: 00:08:36

Health: -5/51      AC:  3    Str: 16    XL:     8   Next: 29%
Magic:  11/11      EV: 12    Int: 10    God:    Okawaru [*.....]
Gold:   195        SH: 13    Dex: 13    Spells: 7/7 levels left

rFire    . . .     SeeInvis .   a - +1 flail
rCold    . . .     Gourm    .   b - +1 shield
rNeg     . . .     Faith    .   (helmet restricted)
rPois    .         Spirit   .   j - +3 amulet of reflection
rElec    .         Reflect  +   (no ring)
rCorr    .         Harm     .   (no ring)
MR       .....                  (no ring)
Stlth    ++........             (no ring)
HPRegen  0.17/turn              (no ring)
MPRegen  0.12/turn              (no ring)
                                (no ring)
                                (no ring)

@: no status effects
A: almost no armour, stealthy swim, amphibious, 8 rings, constrict 8, tentacle
spike 1, iridescent scales 1, camouflage 1, blurry vision 1, frail 1, gelatinous
body 1, evolution 1
a: Heroism, Renounce Religion


You were on level 5 of the Dungeon.
You worshipped Okawaru.
Okawaru was aware of your devotion.
You were hungry.

You visited 1 branch of the dungeon, and saw 5 of its levels.

You collected 195 gold pieces.

Inventory:

Hand Weapons
 a - a +1 flail (weapon)
Armour
 b - a +1 shield (worn)
Jewellery
 j - a +3 amulet of reflection (around mantle)
Wands
 q - a wand of iceblast (5/15)
Scrolls
 e - a scroll of teleportation
 g - a scroll of fear {unknown}
 h - a scroll of enchant armour
 i - a scroll of enchant weapon
Potions
 c - a potion of might
 f - a potion of haste
 k - a potion of curing
 m - a potion of lignification {unknown}
 o - 2 potions of berserk rage {unknown}
 p - a potion of cancellation {unknown}
Comestibles
 d - 2 bread rations
 l - 5 meat rations
 n - 3 fruits


   Skills:
 + Level 6.1 Fighting
 + Level 6.5 Maces & Flails
 - Level 3.0 Dodging
 - Level 3.0 Shields
 + Level 4.8 Invocations


You had 7 spell levels left.
You didn't know any spells.

Dungeon Overview and Level Annotations

Branches:
Dungeon (5/15)             Temple (0/1) D:5

Altars:
Fedhas
Gozag
Okawaru
Vehumet
Yredelemnul


Innate Abilities, Weirdness & Mutations

You cannot wear most types of armour.
You are very stealthy in the water. (Stealth+)
You are amphibious.
You can wear up to eight rings at the same time.
You can use your tentacles to constrict eight enemies at once.
Your skin changes colour to match your surroundings (Stealth+).
Your rubbery body absorbs attacks. (AC +1, EV +1)
One of your tentacles bears a spike.
You are partially covered in iridescent scales. (AC +2)
Scrolls take you a little longer to read.
You are frail. (-10% HP)
You evolve.


Message History

The gnoll hits you from afar with a spear.
* * * LOW HITPOINT WARNING * * *
The centaur hits you but does no damage.
You sock the centaur!
Your tentacle spike misses the centaur.
The centaur is heavily wounded.
You block the centaur's attack. You block the gnoll's attack.
You barely miss the centaur.
You pierce the centaur.
You squeeze the centaur!
The centaur is almost dead.
Your surroundings suddenly seem different.
An orc comes into view.
The orc shouts!
An orc wizard comes into view. It is wielding a dagger.
The orc closely misses you.
The orc wizard shouts!
You sock the orc!
You kill the orc!
Okawaru accepts your kill. The orc wizard casts a spell at you.
The puff of flame hits you!
You die...

#########
#........
#.######. #@# #[#
#.#
#######.######.#.#
...........o.....#
.######.##....o..#
#.o.........
####..##.#.# #..#
...


You could see an orc wizard.

Vanquished Creatures
  Sigmund (D:4)
  Eustachio (D:4)
  2 phantoms
  2 ogres
  A bullfrog skeleton (D:4)
  A hound (D:4)
  3 orc wizards (D:4)
  A centaur skeleton (D:5)
  3 worker ants (D:5)
  5 adders
  3 gnolls (D:5)
  An ooze (D:2)
  2 adder skeletons (D:4)
  2 worms
  2 dart slugs
  2 leopard geckos
  13 orcs
  4 giant cockroaches (D:3)
  3 goblins
  10 hobgoblins
  4 jackals (D:5)
  A quokka (D:3)
  9 bats
  5 frilled lizards
  A jackal skeleton (D:4)
  18 kobolds
  5 rats
105 creatures vanquished.

Vanquished Creatures (others)
  A kobold (D:2)
1 creature vanquished.

Grand Total: 106 creatures vanquished

Notes
Turn   | Place    | Note
-------+----------+-------------------------------------------
     0 | D:1      | Ijustatesigmund the Octopode Fighter began the quest for the Orb.
     0 | D:1      | Reached XP level 1. HP: 16/16 MP: 1/1
   212 | D:1      | Reached XP level 2. HP: 16/21 MP: 2/2
   765 | D:2      | Reached XP level 3. HP: 20/26 MP: 3/3
   820 | D:2      | Found a blossoming altar of Fedhas.
  1163 | D:2      | Reached XP level 4. HP: 32/32 MP: 4/4
  1425 | D:2      | Found a radiant altar of Vehumet.
  1613 | D:3      | Found an opulent altar of Gozag.
  1698 | D:3      | Noticed an ogre
  1706 | D:3      | Killed an ogre
  1706 | D:3      | Reached XP level 5. HP: 16/37 MP: 5/5
  1915 | D:3      | Found an iron altar of Okawaru.
  1969 | D:3      | Found a basalt altar of Yredelemnul.
  2061 | D:3      | Became a worshipper of Warmaster Okawaru
  2358 | D:4      | Reached skill level 1 in Invocations
  2358 | D:4      | Reached XP level 6. HP: 26/44 MP: 6/6
  2506 | D:4      | Noticed a phantom
  2780 | D:4      | Killed a phantom
  2780 | D:4      | Reached skill level 5 in Maces & Flails
  3013 | D:4      | Noticed Sigmund
  3018 | D:4      | Killed Sigmund
  3018 | D:4      | Reached * piety under Okawaru
  3018 | D:4      | Reached skill level 5 in Fighting
  3018 | D:4      | Reached XP level 7. HP: 34/50 MP: 7/9
  3055 | D:4      | Noticed Eustachio
  3065 | D:4      | Killed Eustachio
  3327 | D:5      | Entered Level 5 of the Dungeon
  3346 | D:5      | Found a staircase to the Ecumenical Temple.
  3371 | D:5      | Reached XP level 8. HP: 26/57 MP: 11/11
  3633 | D:5      | Gained mutation: One of your tentacles bears a spike. [potion of mutation]
  3633 | D:5      | Gained mutation: Scrolls take you a little longer to read. [potion of mutation]
  3633 | D:5      | Gained mutation: One of your tentacles bears a nasty spike. [potion of mutation]
  3633 | D:5      | Gained mutation: You are partially covered in iridescent scales. (AC +2) [potion of mutation]
  3634 | D:5      | Lost mutation: One of your tentacles bears a nasty spike. [potion of mutation]
  3634 | D:5      | Lost mutation: One of your tentacles bears a spike. [potion of mutation]
  3634 | D:5      | Gained mutation: You evolve. [potion of mutation]
  3634 | D:5      | Gained mutation: You are frail. (-10% HP) [potion of mutation]
  3634 | D:5      | Gained mutation: One of your tentacles bears a spike. [potion of mutation]
  3760 | D:5      | Killed from afar by an orc wizard

Vault maps used:
D:1:      lemuel_arrival_broad_hall, serial_bayou_crossing
D:2:      cheibrodos_old_hovel, nicolae_overflow_crystal_walls, fedhas_altar_3,
          first_bread, minmay_goblin_kobold_house
D:3:      grunt_gozag_breadcrumbs, lemuel_round_altar, okawaru_gym_becter
D:4:      minmay_misc_feat_more_columns, hangedman_decor_push, uniq_sigmund,
          uniq_eustachio
D:5:      minmay_temple_entry_mist, minmay_ruined_shrine

Skill      XL: |  1  2  3  4  5  6  7  8 |
---------------+-------------------------+-----
Maces & Flails | 3 4 5 6 |  6.5
Fighting       | 4 5 6 |  6.1
Invocations    | 1 2 4 |  4.8
Dodging        | |  3.0
Shields        | |  3.0

Action                   |  1- 3 |  4- 6 |  7- 9 || total
-------------------------+-------+-------+-------++-------
Melee: Flail             |    46 |   109 |    70 ||   225
       Constrict         |    12 |    24 |    12 ||    48
       Tentacles         |     9 |    19 |    16 ||    44
       Kick              |       |       |     7 ||     7
  Use: Scroll            |     6 |     2 |     3 ||    11
       Potion            |       |       |     3 ||     3
 Stab: Sleeping          |     7 |     6 |     1 ||    14
  Eat: Chunk             |     1 |     1 |     2 ||     4
       Bread ration      |       |     1 |       ||     1
Armor: Skin              |     2 |     8 |     9 ||    19
Dodge: Dodged            |    14 |    34 |    49 ||    97
Block: Shield            |    18 |    70 |    68 ||   156
       Reflection        |     1 |     3 |     2 ||     6
